 Dungeon Crawl Stone Soup version 0.31.0-12-g77e489cdc1 (webtiles) character file.

Game seed: 3563863544878945189

328 hawla the Ducker (level 6, -2/32 HPs)
             Began as a Deep Elf Fire Elementalist on Feb 19, 2024.
             Slain by an iguana (14 damage)
             ... on level 4 of the Dungeon on Feb 20, 2024.
             The game lasted 00:08:45 (3485 turns).

hawla the Ducker (Deep Elf Fire Elementalist)       Turns: 3485, Time: 00:08:46

Health: -2/32      AC:  2    Str:  5    XL:     6   Next: 25%
Magic:  6/12       EV: 14    Int: 22    God:
Gold:   63         SH:  0    Dex: 15    Spells: 0/11 levels left

rFire   . . .        h - staff of earth
rCold   . . .        (no shield)
rNeg    . . .        a - +0 robe
rPois   .            (no helmet)
rElec   .            (no cloak)
rCorr   .            (no gloves)
SInv    .            (no boots)
Will    .....        (no amulet)
Stlth   ++           (no ring)
HPRegen 0.25/turn    (no ring)
MPRegen 0.13/turn

%: no passive effects
@: no status effects
A: no striking features
a: no special abilities


You were on level 4 of the Dungeon.
You visited 1 branch of the dungeon, and saw 4 of its levels.

You collected 63 gold pieces.

Inventory:

Armour
 a - a +0 robe (worn)
Magical Staves
 h - a staff of earth (weapon)
Jewellery
 c - a +5 ring of evasion
Scrolls
 e - 2 scrolls of teleportation
 f - a scroll of fog
Potions
 b - a potion of might {unknown}
 d - a potion of curing {unknown}
 g - a potion of berserk rage


   Skills:
 - Level 5.5 Dodging
 - Level 2.4 Stealth
 - Level 3.0 Spellcasting
 - Level 3.0 Conjurations
 + Level 5.5 Fire Magic


You couldn't memorise any spells.
You knew the following spells:

 Your Spells              Type           Power      Damage    Failure   Level
a - Foxfire               Conj/Fire      88%        2x1d8     2%          1
b - Scorch                Fire           54%        2d7       1%          2
c - Flame Wave            Conj/Fire      22%        2d8       22%         4
d - Airstrike             Air            1%         2d(1-17)  77%         4

Your spell library contained the following spells:

 Spells                   Type           Power      Damage    Failure   Level
 Static Discharge         Conj/Air       18%        3-4/arc   10%         2
 Inner Flame              Hex/Fire       15%        N/A       12%         3
 Volatile Blastmotes      Fire/Tloc      30%        2d12      12%         3
 Summon Lightning Spire   Summ/Air       3%         N/A       77%         4


Dungeon Overview and Level Annotations

Branches:
Dungeon (4/15)
 Temple: D:4-7

Altars:
Ashenzari
Zin

Shops:
D:2 =


Message History

Done exploring.
Done exploring.
Done exploring.
Search for what [Enter for "rmo", or ? for help]? tif Search for what [Enter for "tif", or ? for help]? taf Search for what [Enter for "taf", or ? for help]? rmo What level of the Dungeon? (default 1, ? - help)
There is a stone staircase leading down here.
You climb downwards.
Found a runed spear.
There is a stone staircase leading up here.
Okay, then.
You see here a +0 spear of venom.
You open the door.
An iguana comes into view.
Found a ring mail.
An iguana is nearby!
There is an open door here.
Casting: Flame Wave (extremely dangerous; 22% risk of failure)
Confirm with . or Enter, or press ? or * to list all spells.
Flames lash the iguana.
The iguana hisses angrily.
The iguana is lightly wounded.
The iguana's fire resistance burns away.
You hear an angry hiss.
Casting: Scorch (safe; 1% risk of failure)
Confirm with . or Enter, or press ? or * to list all spells.
Flames lash the iguana.
The iguana is burned terribly!
The iguana is heavily wounded.
An adder comes into view.
The iguana bites you but does no damage.
Casting: Scorch (safe; 1% risk of failure)
Confirm with . or Enter, or press ? or * to list all spells.
Flames lash the iguana but do no damage.
The adder hisses angrily.
The iguana bites you!
An endoplasm comes into view.
The iguana attacks as it pursues you! The iguana bites you!
The iguana attacks as it pursues you! The iguana bites you!
You die...

#.# #.#
#J####.#
#[.....# #.#
#S# #.# #l#
####+#+#@######
#.............#
..............#
#.............#
#......<......#
..............#
..............#
..............#
.........)....#


You could see an iguana (combustible), an adder and an endoplasm.

Vanquished Creatures
  Grinder (D:3)
  Jessica (D:3)
  4 adders
  2 dart slugs
  3 orcs (D:3)
  5 ball pythons
  6 endoplasms
  3 giant cockroaches (D:1)
  7 goblins
  8 hobgoblins
  2 jackals (D:2)
  11 kobolds
  3 quokkas
  3 bats
  4 frilled lizards
  4 rats
67 creatures vanquished.

Vanquished Creatures (others)
  166 foxfires
166 creatures vanquished.

Grand Total: 233 creatures vanquished

Notes
Turn   | Place    | Note
-------+----------+-------------------------------------------
     0 | D:1      | hawla the Deep Elf Fire Elementalist began the quest for
                  | the Orb.
     0 | D:1      | Reached XP level 1. HP: 10/10 MP: 6/6
   212 | D:1      | Reached XP level 2. HP: 15/15 MP: 4/8
  1020 | D:1      | Reached XP level 3. HP: 19/19 MP: 3/9
  1117 | D:1      | Learned a level 2 spell: Scorch
  1526 | D:2      | Found a faded altar of an unknown god.
  1703 | D:2      | Found Jewkenof's Jewellery Boutique.
  2001 | D:2      | Reached skill level 5 in Dodging
  2143 | D:2      | Reached XP level 4. HP: 24/24 MP: 4/10
  2386 | D:3      | Learned a level 4 spell: Flame Wave
  2439 | D:3      | Noticed Jessica
  2448 | D:3      | Killed Jessica
  2933 | D:3      | Reached XP level 5. HP: 28/28 MP: 9/11
  2971 | D:3      | Noticed Grinder
  2982 | D:3      | Paralysed by Grinder for 3 turns
  2992 | D:3      | Killed Grinder
  2993 | D:3      | Reached skill level 5 in Fire Magic
  2993 | D:3      | Reached XP level 6. HP: 20/32 MP: 7/12
  3071 | D:3      | Found a glowing silver altar of Zin.
  3117 | D:3      | Found a broken altar of Ashenzari.
  3133 | D:3      | Learned a level 4 spell: Airstrike
  3485 | D:4      | Slain by an iguana

Illustrated notes

Levels and vault maps discovered:
D:1:      psy_arrival_whirlpool, layout_loops_corners,
          ebering_dispersal_statue_hall, minmay_tromino_mix6
D:2:      layout_basic, serial_shops, shop,
          hellmonk_ecumenical_altar_prayer_group, amcnicky_mini_pool_small
D:3:      layout_loops_ring, zin_scriptorium, nicolae_overflow_crystal_walls,
          supply_closet_lemuel, dk_noncrumbling_3, st_stairs_14, uniq_jessica,
          uniq_grinder
D:4:      layout_basic, minmay_temple_entry_enclosed_plants,
          uniq_crazy_yiuf_cottage

Skill      XL: |  1  2  3  4  5 |
---------------+----------------+-----
Dodging        | 3 4 5 |  5.5
Conjurations   | 2 3 |  3.0
Fire Magic     | 5 |  5.5
Stealth        | |  2.4
Spellcasting   | |  3.0

Action                     |  1- 3 |  4- 6 || total
---------------------------+-------+-------++-------
  Melee: Unarmed           |    12 |     3 ||    15
   Cast: Foxfire           |    63 |    34 ||    97
         Scorch            |    10 |    13 ||    23
         Flame Wave        |       |     1 ||     1
    Use: Scroll            |     4 |       ||     4
         Potion            |       |     2 ||     2
 Armour: Robe              |    17 |    13 ||    30
  Dodge: Dodged            |    21 |    11 ||    32
